 Dungeon Crawl Stone Soup version 0.20.1-1-g8b1a95d (webtiles) character file.

6302 Folque the Destroyer (level 10, -4/63 HPs)
             Began as an Octopode Wizard on Oct 31, 2017.
             Was an Elder of Vehumet.
             Slain by a wyvern skeleton (13 damage)
             ... on level 11 of the Dungeon.
             The game lasted 01:23:52 (13046 turns).

Folque the Destroyer (Octopode Wizard)             Turns: 13046, Time: 01:23:53

Health: -4/63      AC:  2    Str:  8    XL:     10   Next: 95%
Magic:  10/23      EV: 13    Int: 23    God:    Vehumet [****..]
Gold:   418        SH:  0    Dex: 10    Spells: 4/27 levels left

rFire    + . .     SeeInvis .   I - +6 rapier of the Present {venom, rPois rF+}
rCold    . . .     Gourm    .   (no shield)
rNeg     + . .     Faith    .   a - +1 hat
rPois    +         Spirit   .   (no amulet)
rElec    .         Reflect  .   e - ring of positive energy
rCorr    .         Harm     .   q - ring of stealth
MR       .....                  G - ring of wizardry
Stlth    ++++......             (no ring)
Regen    0.2/turn               (no ring)
MPRegen  0.2/turn               (no ring)
                                (no ring)
                                (no ring)

@: very slightly contaminated
A: almost no armour, stealthy swim, amphibious, 8 rings, constrict 8, camouflage
1, gelatinous body 1
a: Renounce Religion


You were on level 11 of the Dungeon.
You worshipped Vehumet.
Vehumet was greatly pleased with you.
You were not hungry.

You visited 2 branches of the dungeon, and saw 12 of its levels.
You also visited: Sewer.

You collected 593 gold pieces.
You spent 175 gold pieces at shops.

Inventory:

Hand Weapons
 I - the +6 rapier of the Present (weapon) {venom, rPois rF+}
   (You found it on level 6 of the Dungeon)

   It poisons the flesh of those it strikes.
   It protects you from fire.
   It protects you from poison.
Missiles
 d - 16 tomahawks (quivered)
Armour
 a - a +1 hat (worn)
Jewellery
 e - a ring of positive energy (left tentacle)
 q - a ring of stealth (right tentacle)
 G - a ring of wizardry (on tentacle)
Wands
 p - a wand of flame (35/48)
 s - a wand of random effects (27/48)
 E - a wand of random effects (23/48)
 J - a wand of confusion (36/48)
 L - a wand of acid (7/15)
 N - a wand of polymorph (8/24)
 O - a wand of acid (0/15)
Scrolls
 f - 3 scrolls of amnesia
 g - 2 scrolls of magic mapping
 h - 7 scrolls of identify
 i - a scroll of holy word {unknown}
 n - 8 scrolls of remove curse
 u - a scroll of fear
 w - a scroll of random uselessness {unknown}
 B - 2 scrolls of immolation {unknown}
 H - a scroll of noise {unknown}
 K - 2 scrolls of silence {unknown}
 M - a scroll of enchant weapon {unknown}
 R - a scroll of fog
Potions
 j - a potion of agility {unknown}
 k - 7 potions of flight
 l - 5 potions of curing
 m - a potion of haste {unknown}
 o - a potion of resistance
 t - a potion of brilliance {unknown}
 x - 2 potions of magic {unknown}
 C - a potion of cancellation {unknown}
 D - a potion of degeneration {unknown}
 P - a potion of lignification {unknown}
Books
 b - a book of Minor Magic

   Spells                             Type                      Level
   a - Magic Dart                     Conjuration                  1
   b - Blink                          Translocation                2
   c - Call Imp                       Summoning                    2
   d - Slow                           Hexes                        2
   e - Conjure Flame                  Conjuration/Fire             3
   f - Mephitic Cloud                 Conjuration/Poison/Air       3
 r - a book of Changes

   Spells                             Type                      Level
   a - Beastly Appendage              Transmutation                1
   b - Sticks to Snakes               Transmutation                2
   c - Spider Form                    Transmutation/Poison         3
   d - Ice Form                       Ice/Transmutation            4
   e - Blade Hands                    Transmutation                5
 y - the Disquisition on Displaced Air
   (You found it on level 9 of the Dungeon)

   Spells                             Type                      Level
   a - Shock                          Conjuration/Air              1
   b - Swiftness                      Charms/Air                   2
   c - Lightning Bolt                 Conjuration/Air              5
   d - Silence                        Hexes/Air                    5
   e - Malign Gateway                 Summoning/Translocation      7
Comestibles
 c - 8 bread rations
 v - 5 meat rations
 z - 3 chunks of flesh
 A - 2 fruits
 F - 6 royal jellies


   Skills:
 - Level 3.0 Fighting
 - Level 2.0 Dodging
 - Level 2.6 Stealth
 + Level 9.1 Spellcasting
 - Level 12.0 Conjurations
 - Level 1.0 Summonings
 - Level 1.0 Translocations
 * Level 1.0 Fire Magic
 - Level 4.6 Poison Magic


You had 4 spell levels left.
You knew the following spells:

 Your Spells              Type           Power        Failure   Level  Hunger
a - Magic Dart            Conj           ####         1%          1    None
b - Call Imp              Summ           ###.....     2%          2    None
c - Blink                 Tloc           N/A          2%          2    None
d - Mephitic Cloud        Conj/Pois/Air  #####...     1%          3    None
e - Throw Flame           Conj/Fire      #####.       1%          2    None
f - Sticks to Snakes      Tmut           ##......     4%          2    None
g - Stone Arrow           Conj/Erth      #####.       1%          3    None
h - Ignite Poison         Fire/Tmut/Pois ###.....     1%          3    None
i - Lightning Bolt        Conj/Air       #####.....   1%          5    ####...


Dungeon Overview and Level Annotations

Branches:
Dungeon (11/15)            Temple (1/1) D:6            Lair (0/6) D:10
    Orc: D:9-12

Altars:
Ashenzari
Cheibriados
Dithmenos
Elyvilon
Fedhas
Gozag
Hepliaklqana
Kikubaaqudgha
Makhleb
Nemelex Xobeh
Okawaru
Qazlal
Ru
Sif Muna
Trog
Uskayaw
Vehumet
Xom
Yredelemnul
Zin
The Shining One
Jiyva

Shops:
D:5 *

Annotations:
D:4 exclusion: slave
D:5 exclusion: statue


Innate Abilities, Weirdness & Mutations

You cannot wear most types of armour.
You are very stealthy in the water. (Stealth+)
You are amphibious.
You can wear up to eight rings at the same time.
You can use your tentacles to constrict eight enemies at once.
Your skin changes colour to match your surroundings (Stealth+).
Your rubbery body absorbs attacks. (AC +1, EV +1)


Message History

You start resting.
A wyvern skeleton comes into view.
Casting: Lightning Bolt
Confirm with . or Enter, or press ? or * to list all spells.
Aiming: Throw Flame
Press: ? - help, Shift-Dir - straight line, f - wyvern skeleton
Aim: a wyvern skeleton (hasn't noticed you)
The puff of flame hits the wyvern skeleton.
The wyvern skeleton is moderately damaged.
Casting: Throw Flame
Confirm with . or Enter, or press ? or * to list all spells.
Aiming: Throw Flame
Press: ? - help, Shift-Dir - straight line, f/p - wyvern skeleton
Aim: a wyvern skeleton (moderately damaged)
The puff of flame hits the wyvern skeleton.
The wyvern skeleton is heavily damaged.
You puncture the wyvern skeleton! You squeeze the wyvern skeleton.
The wyvern skeleton is severely damaged.
The wyvern skeleton bites you!
You die...

##+#########
#..........#
#......@Z..#
+..............
#..........##..
#...>......#
#..........#
#######+####


You could see a wyvern skeleton.

Vanquished Creatures
  2 two-headed ogres
  A troll (D:10)
  Prince Ribbit (D:9)
  Sigmund (D:6)
  A human (D:8)
  4 hogs (D:8)
  A hungry ghost (D:10)
  2 ice beasts
  A black bear (D:7)
  An orc warrior (D:7)
  2 sky beasts
  5 ogres
  A centaur (D:9)
  2 big kobolds
  5 bullfrogs
  3 scorpions
  7 killer bees
  6 howler monkeys
  A bullfrog zombie (D:7)
  A centaur zombie (D:9)
  5 crimson imps
  9 hounds
  6 orc priests
  2 bullfrog skeletons
  6 orc wizards
  4 iguanas
  8 worker ants
  A worker ant zombie (D:9)
  5 gnolls
  A river rat (Sewer)
  6 adders
  2 oozes
  An adder skeleton (D:4)
  A worm (D:2)
  2 dart slugs (D:2)
  4 leopard geckos
  28 orcs
  4 bats
  9 giant cockroaches
  4 goblins
  11 hobgoblins
  10 jackals
  18 kobolds
  5 quokkas
  A ball python (D:2)
  2 frilled lizards
  A quokka skeleton (D:8)
  5 rats
209 creatures vanquished.

Vanquished Creatures (collateral kills)
  Joseph (D:8)
  An ogre (D:5)
  2 bullfrogs
  A scorpion (D:8)
  A crimson imp (D:6)
  2 jellies
  A hound (D:6)
  4 orc priests
  An orc wizard (D:6)
  2 worker ants
  3 gnolls
  5 adders
  A river rat (Sewer)
  22 orcs
  2 giant cockroaches (D:6)
  2 jackals (D:3)
  A quokka (D:4)
  A frilled lizard (D:3)
  3 kobolds
  2 rats (Sewer)
58 creatures vanquished.

Grand Total: 267 creatures vanquished

Notes
Turn   | Place    | Note
-------+----------+-------------------------------------------
     0 | D:1      | Folque the Octopode Wizard began the quest for the Orb.
     0 | D:1      | Reached XP level 1. HP: 11/11 MP: 4/4
   293 | D:1      | Reached skill level 1 in Fighting
   355 | D:1      | Reached XP level 2. HP: 10/18 MP: 0/6
   359 | D:1      | Learned a level 2 spell: Call Imp
   362 | D:1      | Learned a level 2 spell: Blink
   864 | D:1      | Reached XP level 3. HP: 24/24 MP: 7/7
   869 | D:1      | Learned a level 3 spell: Mephitic Cloud
  2165 | D:2      | Reached XP level 4. HP: 14/30 MP: 0/9
  2608 | D:3      | Reached skill level 1 in Poison Magic
  3339 | D:3      | Reached XP level 5. HP: 29/36 MP: 7/10
  4024 | D:4      | Found a hide-covered altar of Uskayaw.
  4030 | D:4      | Found a burning altar of Makhleb.
  4031 | D:4      | Found a shattered altar of Ashenzari.
  4035 | D:4      | Found a basalt altar of Yredelemnul.
  4112 | D:4      | Noticed a slave
  4447 | D:4      | Reached XP level 6. HP: 15/42 MP: 4/12
  4500 | D:4      | HP: 1/42 [cloud of noxious fumes (2)]
  5226 | D:4      | Found an opulent altar of Gozag.
  5226 | D:4      | Found a sacrificial altar of Ru.
  5248 | D:5      | Entered Level 5 of the Dungeon
  5257 | D:5      | Found a bloodstained altar of Trog.
  5279 | D:5      | Found a glowing drain.
  5403 | Sewer    | Entered a sewer
  5673 | Sewer    | Found a white marble altar of Elyvilon.
  5917 | D:5      | Reached skill level 2 in Conjurations
  5917 | D:5      | Reached XP level 7. HP: 46/46 MP: 1/14
  6003 | D:5      | Found a radiant altar of Vehumet.
  6009 | D:5      | Became a worshipper of Vehumet
  6156 | D:5      | Found Tudag's Assorted Antiques.
  6164 | D:5      | Bought an iron ring for 175 gold pieces
  6166 | D:5      | Found a sparkling altar of Nemelex Xobeh.
  6214 | D:5      | Found a deep blue altar of Sif Muna.
  6415 | D:6      | Reached skill level 5 in Spellcasting
  6415 | D:6      | Reached skill level 3 in Conjurations
  6778 | D:6      | Reached skill level 4 in Conjurations
  6844 | D:6      | Found a staircase to the Ecumenical Temple.
  6851 | Temple   | Entered the Ecumenical Temple
  7425 | D:6      | Reached * piety under Vehumet
  7425 | D:6      | Offered knowledge of Flame Tongue by Vehumet.
  7440 | D:6      | Reached XP level 8. HP: 21/52 MP: 10/16
  7641 | D:6      | Reached skill level 5 in Conjurations
  7735 | D:6      | Noticed Sigmund
  7764 | D:6      | Killed Sigmund
  7803 | D:6      | Got a shimmering rapier
  7804 | D:6      | Identified the +6 rapier of the Present {venom, rPois rF+} (You found it on level 6 of the Dungeon)
  7914 | D:6      | Reached skill level 6 in Conjurations
  8070 | D:7      | Noticed Prince Ribbit
  8350 | D:7      | Reached skill level 7 in Conjurations
  8507 | D:7      | Reached XP level 9. HP: 56/56 MP: 14/18
  8710 | D:7      | Reached ** piety under Vehumet
  8710 | D:7      | Offered knowledge of Throw Flame by Vehumet.
  8710 | D:7      | Reached skill level 8 in Conjurations
  8717 | D:7      | Learned a level 2 spell: Throw Flame
  9186 | D:8      | Found a shadowy altar of Dithmenos.
  9429 | D:8      | Learned a level 2 spell: Sticks to Snakes
  9496 | D:8      | Offered knowledge of Stone Arrow by Vehumet.
  9701 | D:8      | Noticed Joseph
  9727 | D:8      | Killed Joseph
  9727 | D:8      | Reached skill level 9 in Conjurations
  9986 | D:8      | Reached *** piety under Vehumet
  9993 | D:8      | Learned a level 3 spell: Stone Arrow
 10014 | D:8      | Found a hazy altar of Hepliaklqana.
 10339 | D:8      | Reached skill level 10 in Conjurations
 10339 | D:8      | Reached XP level 10. HP: 56/63 MP: 13/21
 10742 | D:9      | Noticed a two-headed ogre
 10757 | D:9      | Killed a two-headed ogre
 10881 | D:9      | Reached skill level 11 in Conjurations
 10887 | D:9      | Offered knowledge of Ignite Poison by Vehumet.
 10893 | D:9      | Learned a level 3 spell: Ignite Poison
 11591 | D:9      | Identified the Disquisition on Displaced Air
 11599 | D:9      | Learned a level 5 spell: Lightning Bolt
 11772 | D:9      | Killed Prince Ribbit
 11855 | D:10     | Entered Level 10 of the Dungeon
 11859 | D:10     | Noticed a two-headed ogre
 11885 | D:10     | Killed a two-headed ogre
 12272 | D:10     | HP: 3/63 [something (5)]
 12821 | D:10     | Reached **** piety under Vehumet
 12872 | D:10     | Reached skill level 12 in Conjurations
 12991 | D:10     | Found a staircase to the Lair.
 13004 | D:10     | Noticed a death yak
 13005 | D:10     | Noticed a death yak
 13005 | D:10     | Noticed a death yak
 13006 | D:10     | Noticed a death yak
 13012 | D:10     | Noticed a death yak
 13015 | D:10     | Noticed a death yak
 13023 | D:11     | Reached skill level 1 in Fire Magic
 13046 | D:11     | Slain by a wyvern skeleton

Skill      XL: |  1  2  3  4  5  6  7  8  9 10 |
---------------+-------------------------------+-----
Fighting       | 1 2 3 |  3.0
Poison Magic   | 1 3 4 |  4.6
Spellcasting   | 4 5 6 7 9 |  9.1
Conjurations   | 2 4 7 10 12 | 12.0
Fire Magic     | 1 |  1.0
Dodging        | |  2.0
Stealth        | |  2.6
Summonings     | |  1.0
Translocations | |  1.0

Action                   |  1- 3 |  4- 6 |  7- 9 | 10-12 || total
-------------------------+-------+-------+-------+-------++-------
Melee: Club              |     7 |       |       |       ||     7
       Unarmed           |     5 |       |       |       ||     5
       Constrict         |    16 |    28 |    44 |    20 ||   108
       Tentacles         |    10 |    17 |    28 |    15 ||    70
       Spear             |    87 |   203 |   118 |       ||   408
       Rapier            |       |       |   123 |   105 ||   228
 Cast: Magic Dart        |    24 |    19 |    24 |     1 ||    68
       Call Imp          |     5 |    41 |    47 |     9 ||   102
       Blink             |     1 |     1 |     1 |     9 ||    12
       Mephitic Cloud    |       |    13 |    26 |    14 ||    53
       Throw Flame       |       |       |    19 |    15 ||    34
       Lightning Bolt    |       |       |       |    13 ||    13
       Ignite Poison     |       |       |       |     3 ||     3
       Stone Arrow       |       |       |       |     1 ||     1
Evoke: Wand              |       |       |       |     1 ||     1
  Use: Scroll            |     3 |     6 |     1 |     2 ||    12
       Potion            |       |     3 |       |     5 ||     8
 Stab: Sleeping          |     8 |    10 |     4 |     3 ||    25
       Distracted        |     1 |     1 |     4 |       ||     6
       Confused          |       |     2 |     6 |     6 ||    14
  Eat: Chunk             |     4 |    13 |    15 |     7 ||    39
       Bread ration      |       |       |       |     1 ||     1
Armor: Skin              |     7 |     7 |     9 |    11 ||    34
Dodge: Dodged            |    32 |    94 |    87 |    75 ||   288
